 Dungeon Crawl Stone Soup version 0.21.1-1-g345015fe64 (webtiles) character file.

6461 lis82 the Eclecticist (level 10, 0/50 HPs)
             Began as a Deep Elf Wizard on July 25, 2018.
             Was a Believer of Sif Muna.
             Shot with a bolt by a tengu warrior (20 damage)
             ... on level 10 of the Dungeon.
             The game lasted 00:42:42 (10914 turns).

lis82 the Eclecticist (Deep Elf Wizard)            Turns: 10914, Time: 00:42:42

Health: 0/50       AC:  7    Str:  4    XL:     10   Next: 68%
Magic:  22/31      EV: 17    Int: 27    God:    Sif Muna [**....]
Gold:   470        SH:  4    Dex: 13    Spells: 27/39 levels left

rFire    . . .     SeeInvis .   s - +2 spear (venom)
rCold    . . .     Gourm    .   (no shield)
rNeg     . . .     Faith    .   i - +2 robe {MR+}
rPois    .         Spirit   .   q - +2 hat
rElec    .         Reflect  +   (no cloak)
rCorr    .         Harm     .   (no gloves)
MR       ++...                  w - +0 pair of boots
Stlth    ++........             D - +4 amulet of reflection
HPRegen  0.16/turn              (no ring)
MPRegen  0.22/turn              (no ring)

@: no status effects
A: no striking features
a: Divine Energy, Renounce Religion


You were on level 10 of the Dungeon.
You worshipped Sif Muna.
Sif Muna was pleased with you.
You were not hungry.

You visited 2 branches of the dungeon, and saw 11 of its levels.

You collected 659 gold pieces.
You spent 189 gold pieces at shops.

Inventory:

Hand Weapons
 m - the +7 quarterstaff "Vuehaalo" {speed, Dex+2}
   (You bought it in a shop on level 5 of the Dungeon)

   Attacks with this weapon are significantly faster.
   It affects your dexterity (+2).
 s - a +2 spear of venom (weapon)
Armour
 h - the +5 chain mail "Qerghiank" {+Fly rN+}
   (You found it on level 6 of the Dungeon)

   It protects you from negative energy.
   It lets you fly.
 i - a +2 robe of magic resistance (worn)
 q - a +2 hat (worn)
 w - a +0 pair of boots (worn)
Jewellery
 D - a +4 amulet of reflection (around neck)
Wands
 k - a wand of digging (14)
 l - a wand of polymorph (18)
 v - a wand of scattershot (5)
Scrolls
 j - a scroll of random uselessness {unknown}
 n - 2 scrolls of remove curse
 o - 7 scrolls of identify
 r - 4 scrolls of blinking
 t - 4 scrolls of teleportation
 u - 2 scrolls of magic mapping {unknown}
 y - a scroll of fog {unknown}
 z - a scroll of enchant weapon
 F - a scroll of vulnerability {unknown}
 I - a scroll of fear {unknown}
Potions
 a - 6 potions of curing
 b - a potion of invisibility {unknown}
 e - a potion of haste {unknown}
 f - 5 potions of heal wounds {unknown}
 g - a potion of resistance {unknown}
 p - 2 potions of might {unknown}
 x - a potion of flight {unknown}
 A - a potion of lignification {unknown}
 C - a potion of degeneration {unknown}
 E - 2 potions of agility {unknown}
 G - a potion of magic {unknown}
 H - 3 potions of mutation {unknown}
Books
 c - a book of Minor Magic

   Spells                             Type                      Level
   a - Magic Dart                     Conjuration                  1
   b - Blink                          Translocation                2
   c - Call Imp                       Summoning                    2
   d - Slow                           Hexes                        2
   e - Conjure Flame                  Conjuration/Fire             3
   f - Mephitic Cloud                 Conjuration/Poison/Air       3
 B - a book of Misfortune

   Spells                             Type                      Level
   a - Confusing Touch                Hexes                        1
   b - Confuse                        Hexes                        3
   c - Gell's Gravitas                Translocation                3
   d - Petrify                        Transmutation/Earth          4
   e - Metabolic Englaciation         Hexes/Ice                    5
   f - Yara's Violent Unravelling     Hexes/Transmutation          5
Comestibles
 d - 19 rations


   Skills:
 + Level 3.3 Armour
 - Level 8.3 Dodging
 - Level 2.4 Stealth
 - Level 15.1 Spellcasting
 - Level 3.9 Conjurations
 - Level 5.3 Hexes
   Level 1.1 Summonings
 - Level 1.1 Translocations
 - Level 3.3 Fire Magic
 - Level 3.2 Air Magic
 - Level 3.1 Poison Magic


You had 27 spell levels left.
You knew the following spells:

 Your Spells              Type           Power        Failure   Level  Hunger
a - Magic Dart            Conj           ####         1%          1    None
b - Blink                 Tloc           N/A          2%          2    None
c - Conjure Flame         Conj/Fire      #####...     1%          3    None
d - Mephitic Cloud        Conj/Pois/Air  #####...     1%          3    None
e - Confuse               Hex            #####...     1%          3    None


Dungeon Overview and Level Annotations

Branches:
Dungeon (10/15)            Temple (1/1) D:7
   Lair: D:8-11         Orc: D:9-12

Altars:
Ashenzari
Cheibriados
Dithmenos
Gozag
Hepliaklqana
Kikubaaqudgha
Makhleb
Nemelex Xobeh
Okawaru
Qazlal
Sif Muna
Trog
Uskayaw
Vehumet
Wu Jian
Xom
Zin
The Shining One

Shops:
D:5 *   D:7 ?


Message History

Confirm with . or Enter, or press ? or * to list all spells.
Aiming: Magic Dart
Press: ? - help, Shift-Dir - straight line, f/p - tengu warrior
Aim: a tengu warrior, wielding an arbalest and wearing a scale mail (lightly wounded, confused)
The magic dart hits the tengu warrior.
The tengu warrior is lightly wounded.
Casting: Magic Dart
Confirm with . or Enter, or press ? or * to list all spells.
Aiming: Conjure Flame
Press: ? - help, Dir - move target cursor, p - tengu warrior The fire ignites!
All of the chunks of flesh in your inventory have rotted away.
The tengu warrior grins madly.
Things that are here:
a shortbow; 17 arrows The tengu warrior seems less confused.
There is a stone staircase leading up here.
You see here 2 tomahawks.
The tengu warrior shoots a bolt.
The bolt hits you!!
You die...

.<.).## #.##...........#
####..# #.##...........#
.......#######.#........)...###
..............................#
.......#######..#...........#
...!........###.#..........##
.(............#.#.÷.§.....[#
.......... #...##..Q.....##
........... ###.@).......##
##(##..##### #(###..#
........[.....#
#######.####.... #.# (.... #.#
####.. #.# .. ...


You could see a tengu warrior.

Vanquished Creatures
  A troll (D:10)
  2 hornets (D:10)
  Prince Ribbit (D:8)
  2 hippogriffs
  Sigmund (D:3)
  A wyvern (D:10)
  Eustachio (D:4)
  A water moccasin (D:6)
  Duvessa (D:4)
  3 sky beasts
  2 black bears
  7 orc warriors
  2 phantoms
  2 ice beasts
  6 centaurs
  5 bullfrogs
  A gnoll sergeant (D:8)
  A wyvern skeleton (D:9)
  3 scorpions
  Dowan (D:4)
  8 wights
  4 crimson imps
  5 hounds
  A bullfrog zombie (D:8)
  3 jellies
  A quasit (D:9)
  9 orc priests
  2 bullfrog skeletons
  Ijyb (D:4)
  3 centaur skeletons
  Jessica (D:2)
  Natasha (thrice) (D:3)
  3 iguanas
  13 orc wizards
  4 worker ants
  2 killer bee zombies
  A hound skeleton (D:9)
  A howler monkey skeleton (D:6)
  A worker ant zombie (D:9)
  12 gnolls
  5 adders
  2 oozes
  An adder zombie (D:9)
  A worm (D:5)
  A dart slug (D:1)
  12 leopard geckos
  40 orcs
  A ball python (D:5)
  7 bats
  17 giant cockroaches
  6 goblins
  9 hobgoblins
  5 jackals
  2 quokkas
  3 frilled lizards
  A jackal skeleton (D:3)
  4 kobolds (D:3)
  A leopard gecko zombie (D:5)
  4 rats
244 creatures vanquished.

Notes
Turn   | Place    | Note
-------+----------+-------------------------------------------
     0 | D:1      | lis82 the Deep Elf Wizard began the quest for the Orb.
     0 | D:1      | Reached XP level 1. HP: 10/10 MP: 7/7
   226 | D:1      | Reached XP level 2. HP: 15/15 MP: 1/9
   298 | D:1      | Learned a level 2 spell: Blink
   969 | D:2      | Noticed Jessica
   977 | D:2      | Killed Jessica
   977 | D:2      | Reached XP level 3. HP: 19/19 MP: 1/10
   982 | D:2      | Learned a level 3 spell: Conjure Flame
   986 | D:2      | Learned a level 3 spell: Mephitic Cloud
  1595 | D:3      | Noticed Natasha
  1603 | D:3      | Killed Natasha
  1603 | D:3      | Reached skill level 5 in Spellcasting
  1603 | D:3      | Reached XP level 4. HP: 24/24 MP: 2/13
  1698 | D:3      | Noticed Sigmund
  1757 | D:3      | Killed Sigmund
  1757 | D:3      | Reached skill level 7 in Spellcasting
  1757 | D:3      | Reached XP level 5. HP: 26/28 MP: 2/17
  2088 | D:3      | Noticed Natasha
  2093 | D:3      | Killed Natasha
  2093 | D:3      | Reached skill level 1 in Fire Magic
  2093 | D:3      | Reached XP level 6. HP: 32/32 MP: 8/18
  2245 | D:3      | Noticed Natasha
  2248 | D:3      | Killed Natasha
  2476 | D:3      | Found a radiant altar of Vehumet.
  2773 | D:3      | Found an ornate altar of the Wu Jian Council.
  3053 | D:4      | Noticed Eustachio
  3172 | D:4      | Reached skill level 1 in Air Magic
  3472 | D:4      | Noticed Duvessa
  3622 | D:4      | Found a hide-covered altar of Uskayaw.
  3625 | D:4      | Noticed a dagger
  3626 | D:4      | Noticed a dagger
  3669 | D:4      | Killed Eustachio
  3669 | D:4      | Reached XP level 7. HP: 26/36 MP: 2/20
  3838 | D:4      | Reached skill level 1 in Poison Magic
  3866 | D:4      | Found a burning altar of Makhleb.
  4160 | D:4      | Noticed Dowan
  4184 | D:4      | Killed Dowan
  4201 | D:4      | Killed Duvessa
  4326 | D:4      | Noticed Ijyb
  4340 | D:4      | Killed Ijyb
  4496 | D:5      | Entered Level 5 of the Dungeon
  4759 | D:5      | Found Zohumep's Assorted Antiques.
  4763 | D:5      | Bought a brightly glowing quarterstaff for 189 gold pieces
  4763 | D:5      | Identified the +7 quarterstaff "Vuehaalo" {speed, Dex+2} (You bought it in a shop on level 5 of the Dungeon)
  4822 | D:5      | Reached skill level 5 in Dodging
  4947 | D:6      | Got a slimy chain mail
  4948 | D:6      | Identified the +5 chain mail "Qerghiank" {+Fly rN+} (You found it on level 6 of the Dungeon)
  4967 | D:6      | Reached XP level 8. HP: 31/41 MP: 18/21
  5384 | D:6      | Found a shadowy altar of Dithmenos.
  5475 | D:6      | Reached skill level 8 in Spellcasting
  5607 | D:6      | Reached skill level 9 in Spellcasting
  5928 | D:6      | Found an iron altar of Okawaru.
  5928 | D:6      | Found a faded altar of an unknown god.
  5933 | D:6      | Found a shattered altar of Ashenzari.
  5935 | D:6      | Found a faded altar of an unknown god.
  5940 | D:6      | Found a hazy altar of Hepliaklqana.
  6275 | D:7      | Found a shimmering altar of Xom.
  6332 | D:7      | Reached skill level 10 in Spellcasting
  6332 | D:7      | Reached XP level 9. HP: 39/45 MP: 8/25
  6398 | D:7      | Learned a level 3 spell: Confuse
  6615 | D:7      | Reached skill level 11 in Spellcasting
  6809 | D:7      | Found a stormy altar of Qazlal.
  6899 | D:7      | Found Coynyiko's Magic Scroll Boutique.
  6941 | D:7      | Found a staircase to the Ecumenical Temple.
  7012 | Temple   | Entered the Ecumenical Temple
  7032 | Temple   | Became a worshipper of Sif Muna the Loreminder
  7134 | D:8      | Noticed Prince Ribbit
  7312 | D:8      | Reached skill level 12 in Spellcasting
  7851 | D:8      | Found a sparkling altar of Nemelex Xobeh.
  7885 | D:8      | Reached skill level 13 in Spellcasting
  7954 | D:8      | Killed Prince Ribbit
  7954 | D:8      | Reached * piety under Sif Muna
  8831 | D:9      | Reached skill level 14 in Spellcasting
  8934 | D:9      | Reached XP level 10. HP: 50/50 MP: 21/30
  9496 | D:9      | Reached ** piety under Sif Muna
  9640 | D:9      | Reached skill level 15 in Spellcasting
 10168 | D:10     | Entered Level 10 of the Dungeon
 10233 | D:10     | Reached skill level 5 in Hexes
 10401 | D:10     | Noticed a tengu warrior
 10686 | D:10     | Reached skill level 1 in Armour
 10914 | D:10     | Shot with a bolt by a tengu warrior

Skill      XL: |  1  2  3  4  5  6  7  8  9 10 |
---------------+-------------------------------+-----
Conjurations   | 2 3 |  3.9
Spellcasting   | 5 7 10 14 15 | 15.1
Fire Magic     | 1 3 |  3.3
Air Magic      | 3 |  3.2
Poison Magic   | 3 |  3.1
Dodging        | 5 8 |  8.3
Hexes          | 5 |  5.3
Armour         | 3 |  3.3
Stealth        | |  2.4
Summonings     | |  1.1
Translocations | |  1.1

Action                   |  1- 3 |  4- 6 |  7- 9 | 10-12 || total
-------------------------+-------+-------+-------+-------++-------
Melee: Mace              |     5 |       |       |       ||     5
       Dagger            |       |    78 |    16 |       ||    94
       Quarterstaff      |       |       |    86 |    16 ||   102
       Spear             |       |       |       |   177 ||   177
 Cast: Magic Dart        |    61 |    86 |   384 |    77 ||   608
       Conjure Flame     |     1 |    28 |    42 |    26 ||    97
       Mephitic Cloud    |       |    13 |    32 |    17 ||    62
       Blink             |       |     3 |     5 |     3 ||    11
  Use: Scroll            |       |       |    11 |       ||    11
 Stab: Sleeping          |     1 |       |       |     1 ||     2
       Confused          |       |       |     7 |     4 ||    11
  Eat: Chunk             |     2 |     4 |    15 |     7 ||    28
       Ration            |       |     1 |       |       ||     1
Armor: Robe              |     5 |    25 |    17 |     9 ||    56
Dodge: Dodged            |    20 |    64 |    91 |    41 ||   216
Block: Other             |       |       |     6 |     8 ||    14
       Reflection        |       |       |     1 |     1 ||     2
